 Dungeon Crawl Stone Soup version 0.30-a0-242-g7bf8e6d787 (webtiles) character file.

Game seed: 11145895769932556687

35736 Sobieck the Dancer (level 13, -6/112 HPs)
             Began as an Armataur Fighter on Oct 10, 2022.
             Was a Priest of Uskayaw.
             Mangled by a stone giant (30 damage)
             ... on level 15 of the Dungeon on Oct 11, 2022.
             The game lasted 00:34:00 (17351 turns).

Sobieck the Dancer (Armataur Fighter)              Turns: 17351, Time: 00:34:00

Health: -6/112     AC: 22    Str: 25    XL:     13   Next: 49%
Magic:  10/24      EV: 11    Int: 13    God:    Uskayaw [***...]
Gold:   1248       SH:  0    Dex: 16    Spells: 12/12 levels left

rFire   . . .      SeeInvis .    a - +3 battleaxe (flame) {axe}
rCold   . . .      Faith    +    (shield currently unavailable)
rNeg    . . .      Spirit   .    c - +0 plate armour
rPois   .          Reflect  .    w - +2 helmet {Int+3}
rElec   .          Harm     .    G - +2 cloak
rCorr   .          Roll     +    x - +2 pair of gloves
Will    .....                    (no barding)
Stlth   ..........               A - amulet of faith {!P}
HPRegen 0.38/turn                z - +4 ring of evasion
MPRegen 0.19/turn                Z - +6 ring of dexterity

@: no status effects
A: large, rugged brown scales 3, deformed body, armoured tail, roll, long
tongue, awkward tongue
a: Renounce Religion, Stomp, Line Pass


You were on level 15 of the Dungeon.
You worshipped Uskayaw.
Uskayaw was pleased with you.
You visited 3 branches of the dungeon, and saw 18 of its levels.
You also visited: Bailey.

You collected 1248 gold pieces.


Innate Abilities, Weirdness & Mutations

You are completely covered in rugged brown scales. (AC +3, +7% HP)
Armour fits poorly on your strangely shaped body.
You have a long armoured tail.
You roll when moving toward enemies. (Rampage)
Your long tongue fully drains potion bottles. (2x potion effects)
Your tongue gives you trouble enunciating. (1.5x scroll delay)


   Skills:
 - Level 7.0 Fighting
 + Level 13.7(13.9) Axes
 - Level 4.0(10.5) Maces & Flails
 - Level 9.0 Armour
 - Level 5.0 Dodging
 - Level 3.2 Shields
 - Level 15.0 Invocations


You had 12 spell levels left.
You didn't know any spells.
Your spell library contained the following spells:

 Spells                   Type           Power      Damage    Failure   Level
 Freeze                   Ice            0%         1d3       98%         1
 Static Discharge         Conj/Air       0%         2-2/arc   99%         2
 Frozen Ramparts          Ice            0%         1d1       100%        3
 Gell's Gravitas          Tloc           0%         N/A       100%        3
 Hailstorm                Conj/Ice       0%         3d3       100%        3
 Lesser Beckoning         Tloc           0%         N/A       100%        3
 Teleport Other           Tloc           0%         N/A       100%        3
 Vhi's Electric Charge    Tloc/Air       0%         N/A       100%        3
 Arcjolt                  Conj/Air       0%         1d10      100%        5
 Lightning Bolt           Conj/Air       0%         1d11      100%        5

Inventory:

Hand Weapons
 a - a +3 battleaxe of flaming (weapon) {axe}
   (You took it off an orc warrior in a bailey)
 b - the +8 longbow "Zephyr" {speed, Dex+3 SInv, bow}
   (You found it on level 11 of the Dungeon)

   Attacks with this weapon are significantly faster.
   Dex:       It affects your dexterity (+3).
   SInv:      It lets you see invisible.
 j - a +0 battleaxe of electrocution {axe}
   (You acquired it on level 7 of the Dungeon)
 y - a +0 war axe {axe}
   (You took it off an orc warrior on level 9 of the Dungeon)
 X - a +0 war axe {axe}
   (You took it off an orc on level 4 of the Dungeon)
Missiles
 e - 8 curare-tipped darts {=fthrowing}
 o - 24 boomerangs (quivered) {throwing}
 r - 6 javelins {throwing}
 H - 28 poisoned darts {throwing}
 K - 3 throwing nets {=f!fthrowing}
Armour
 c - a +0 plate armour (worn)
   (You took it off an orc warrior on level 9 of the Dungeon)
 w - a +2 helmet of intelligence (worn)
   (You found it in a bailey)
 x - a +2 pair of gloves (worn)
   (You found it on level 1 of the Dungeon)
 G - a +2 cloak (worn)
   (You found it on level 2 of the Dungeon)
Magical Staves
 U - a staff of poison {!astaff}
   (You found it on level 12 of the Dungeon)
Jewellery
 s - a ring of protection from cold
   (You found it on level 5 of the Dungeon)
 u - a ring of see invisible
   (You found it on level 9 of the Dungeon)
 z - a +4 ring of evasion (left hand)
   (You found it on level 1 of the Lair of Beasts)
 A - an amulet of faith (around neck) {!P}
   (You found it on level 2 of the Dungeon)
 J - a ring of ice
   (You found it on level 3 of the Dungeon)
 L - a ring of positive energy
   (You found it on level 3 of the Dungeon)
 M - a ring of flight
   (You found it on level 14 of the Dungeon)
 N - a +6 ring of intelligence
   (You found it on level 12 of the Dungeon)
 Z - a +6 ring of dexterity (right hand)
   (You found it on level 5 of the Dungeon)
Wands
 h - a wand of light (18)
   (You took it off Eustachio on level 5 of the Dungeon)
 l - a wand of mindburst (18)
   (You found it on level 13 of the Dungeon)
 F - a wand of flame (32)
   (You found it on level 2 of the Dungeon)
 I - a wand of paralysis (10)
   (You found it on level 11 of the Dungeon)
 Q - a wand of iceblast (12)
   (You found it on level 12 of the Dungeon)
Scrolls
 d - 4 scrolls of butterflies
 f - 6 scrolls of blinking {!r}
 g - a scroll of fear
 m - 2 scrolls of poison {!r}
 B - a scroll of summoning
 E - 3 scrolls of teleportation {@r4}
 R - a scroll of identify {@r1}
 W - a scroll of magic mapping {!r}
 Y - 5 scrolls of immolation {!r!r}
Potions
 i - 4 potions of magic
 k - 2 potions of attraction {!q}
 n - a potion of mutation {!q}
 p - a potion of cancellation
 q - a potion of resistance
 t - 7 potions of flight
 v - 5 potions of brilliance
 C - 4 potions of ambrosia
 D - 2 potions of lignification {!q}
 P - a potion of heal wounds {@q2}
 S - 3 potions of curing {@q1}
 T - 3 potions of invisibility
 V - a potion of berserk rage {!q}
Miscellaneous
 O - a phial of floods
   (You found it in a bailey)

Dungeon Overview and Level Annotations

Branches:
Dungeon (14/15) Zot: 26959  Temple (1/1) D:6 Zot: 5765    Lair (2/5) D:9 Zot: 9898
    Orc (0/2) D:10         Depths (0/4) D:15         Bailey (visited)
  Swamp: Lair:2-3    Shoals: Lair:2-3     Snake: Lair:2-3    Spider: Lair:2-3
 Vaults: D:13-14

Altars:
Ashenzari
Cheibriados
Dithmenos
Elyvilon
Fedhas
Gozag
Hepliaklqana
Kikubaaqudgha
Makhleb
Nemelex Xobeh
Okawaru
Qazlal
Ru
Sif Muna
Trog
Uskayaw
Vehumet
Wu Jian
Xom
Yredelemnul
Zin
The Shining One

Shops:
D:1 *   D:4 *   D:14 *

Annotations:
Lair:2 exclusion: oklob plant

......'...#........#
......#...#........# .
########'##........#..
#....................
#....................
#....................
#....................
#.............#########
#.............)@.......
#.............#C.$.....
...#####...#).........
.........#........
.....####.###.....
.....#>..#........ ####
#... .###.... #... .#
.... #.#.# .#


You could see a stone giant.


Message History

Unknown command.
You slice the tengu warrior!! You burn the tengu warrior.
You kill the tengu warrior!
Unknown command.
You roll towards the necromancer!
The necromancer mumbles some strange words.
The necromancer binds the souls of nearby monsters.
Unknown command.
You hit the necromancer. You burn the necromancer.
You tail-slap the necromancer. The necromancer casts a spell at you.
The bolt of negative energy misses you.
A stone giant comes into view.
The stone giant shouts!
Uskayaw will force your foes to helplessly watch your dance.
Uskayaw prepares the audience for your solo!
The helpless necromancer fails to defend itself.
You slash the necromancer! You burn the necromancer.
You tail-slap the necromancer!
Unknown command.
The helpless necromancer fails to defend itself.
You slice the necromancer!! You burn the necromancer.
You kill the necromancer!
The stone giant is no longer paralysed.
Uskayaw will force your foes to share their pain.
You roll towards the stone giant!
You hit the stone giant but do no damage.
The stone giant hits you.
Unknown command.
You hit the stone giant but do no damage.
You tail-slap the stone giant.
The stone giant hits you but does no damage.
You barely miss the stone giant.
You tail-slap the stone giant, but do no damage.
The stone giant hits you!!
* * * LOW HITPOINT WARNING * * *
Unknown command.
You completely miss the stone giant.
You tail-slap the stone giant, but do no damage.
The stone giant closely misses you.
You slash the stone giant! You burn the stone giant. The stone giant hits you!!
* * * LOW HITPOINT WARNING * * *
You can now merge with and destroy a victim.
Unknown command.
Aiming: Line Pass
Press: ? - help, Dir - move target The stone giant appears confused.
Found a staircase to the Depths.
You can no longer merge with and destroy a victim.
Unknown command.
Unknown command.
Danger!
You hit the stone giant but do no damage.
The stone giant seems less confused.
The stone giant hits you.
* * * LOW HITPOINT WARNING * * *
Unknown command.
Aiming: Line Pass
Press: ? - help, Dir - move target The stone giant appears confused.
Uskayaw will no longer force your foes to share their pain.
Unknown command.
Unknown command.
You hit the stone giant. You burn the stone giant.
Unknown command.
The stone giant seems less confused.
The stone giant hits you!
* * * LOW HITPOINT WARNING * * *
Unknown command.
Aiming: Line Pass
Press: ? - help, Dir - move target The stone giant appears confused.
Uskayaw will no longer force your foes to helplessly watch your dance.
Unknown command.
Unknown command.
You slash the stone giant! You burn the stone giant.
The stone giant laughs at nothing.
Uskayaw will force your foes to helplessly watch your dance.
Unknown command.
The stone giant mumbles something.
The stone giant hits you.
* * * LOW HITPOINT WARNING * * *
The stone giant hits itself but does no damage.
Danger!
Unknown command.
You slash the stone giant! You burn the stone giant.
You tail-slap the stone giant, but do no damage.
The stone giant seems less confused.
Unknown command.
Aiming: Line Pass
Press: ? - help, Dir - move target The stone giant appears confused.
Uskayaw will no longer force your foes to helplessly watch your dance.
Unknown command.
Unknown command.
You slash the stone giant! You burn the stone giant.
The stone giant closely misses you.
Uskayaw will force your foes to helplessly watch your dance.
Unknown command.
You strike the helpless stone giant from behind!
You slice the stone giant!! You burn the stone giant.
The stone giant seems less confused.
The stone giant hits you!!
You die...

Skill      XL: |  1  2  3  4  5  6  7  8  9 10 11 12 13 |
---------------+----------------------------------------+-----
Maces & Flails | 2 3 4 |  4.0
Axes           | 2 3 5 7 9 10 11 12 13 | 13.7
Invocations    | 5 8 10 14 15 | 15.0
Fighting       | 3 4 6 7 |  7.0
Armour         | 4 6 8 9 |  9.0
Dodging        | 1 3 4 5 |  5.0
Shields        | |  3.2

Action                   |  1- 3 |  4- 6 |  7- 9 | 10-12 | 13-15 || total
-------------------------+-------+-------+-------+-------+-------++-------
Melee: Flail             |    38 |       |       |       |       ||    38
       Tailslap          |    10 |    14 |    41 |    67 |    27 ||   159
       Hand axe          |    70 |   195 |   127 |       |       ||   392
       Battleaxe         |       |       |   161 |   433 |   108 ||   702
 Fire: Longbow           |       |       |       |       |     2 ||     2
Throw: Boomerang         |       |       |     4 |     5 |       ||     9
Invok: Line Pass         |       |       |       |     2 |     9 ||    11
Evoke: Wand              |       |       |       |     1 |       ||     1
       Phial of floods   |       |       |       |     1 |       ||     1
  Use: Potion            |     1 |     3 |     4 |     5 |     1 ||    14
       Scroll            |       |    15 |     7 |    11 |     1 ||    34
 Stab: Invisible         |       |       |     2 |     1 |       ||     3
       Paralysed         |       |       |    12 |    53 |    11 ||    76
       Confused          |       |       |       |     2 |     4 ||     6
Armor: Scale mail        |    52 |   139 |   125 |    49 |       ||   365
       Skin              |       |       |     1 |       |       ||     1
       Chain mail        |       |       |       |    10 |       ||    10
       Plate armour      |       |       |       |   212 |    66 ||   278
Dodge: Dodged            |    38 |    36 |    87 |   193 |    51 ||   405
Block: Buckler           |    25 |    24 |    15 |       |       ||    64

Levels and vault maps discovered:
D:1:      ncdulo_lavacross, layout_basic, serial_shops, shop
D:2:      layout_basic
D:3:      layout_loops_ring, mainiacjoe_overflow_catwalk,
          nicolae_overflow_hidden_temple,
          dreamdust_ecumenical_altar_angels_and_demons
D:4:      layout_basic, grunt_gozag_statues, serial_shops,
          nicolae_shop_statue_plus, uniq_ijyb
D:5:      layout_basic, serial_bayou_lake_a, uniq_eustachio, uniq_prince_ribbit1
D:6:      layout_loops_ring, mainiacjoe_overflow_big_doors,
          minmay_temple_entry_steel_oval, uniq_edmund
D:7:      dreamdust_elfheim, layout_basic, nicolae_qazlal_general_emergency,
          mainiacjoe_overflow_boulevard, enter_bailey_4, minivault_24,
          uniq_joseph
D:8:      layout_loops_ring, cheibrodos_worm_habitat, grunt_ministairs_1,
          hellmonk_bongcloud_opening, uniq_pikel
D:9:      layout_loops_ring, mainiacjoe_overflow_surrounded_room,
          dpeg_lair_monsters
D:10:     layout_basic, orc_0_dummy, uniq_urug
D:11:     layout_roguey, ebering_ghost_inner_flame, uniq_nergalle
D:12:     layout_roguey
D:13:     layout_basic, okawaru_gym_becter
D:14:     layout_rooms, david_vaults_4, serial_corexii_hall,
          corexii_hall_statues_x, corexii_hall_statues_l,
          nicolae_transmutations_shop, grunt_decor_clamped, minmay_bent,
          uniq_jorgrun
D:15:     hangedman_depths_entry_civil_slaughter, layout_grid_maze,
          nicolae_kite_square_tiling_tiny, uniq_kirke
Temple:   grunt_temple_mini_profane
Lair:1:   layout_loops_ring, basic_altar, uniq_sonja
Lair:2:   minmay_lair_venomous_thicket, layout_gridlike,
          infiniplex_staircase_pool

Notes
Turn   | Place    | Note
-------+----------+-------------------------------------------
     0 | D:1      | Sobieck the Armataur Fighter began the quest for the Orb.
     0 | D:1      | Reached XP level 1. HP: 19/19 MP: 1/1
    35 | D:1      | Reached skill level 2 in Maces & Flails
   165 | D:1      | Reached XP level 2. HP: 26/26 MP: 2/2
   257 | D:1      | Reached skill level 3 in Maces & Flails
   489 | D:1      | Found Faakhlasch's Assorted Antiques.
  1041 | D:2      | Reached XP level 3. HP: 14/32 MP: 3/3
  1131 | D:2      | Reached skill level 4 in Maces & Flails
  1131 | D:2      | Reached XP level 4. HP: 34/39 MP: 4/4
  1430 | D:2      | Reached skill level 1 in Axes
  1816 | D:3      | Reached skill level 2 in Axes
  1882 | D:3      | Reached XP level 5. HP: 37/44 MP: 5/5
  1943 | D:3      | Found a faded altar of an unknown god.
  2004 | D:3      | Found a radiant altar of Vehumet.
  2244 | D:3      | Found an ancient bone altar of Kikubaaqudgha.
  2244 | D:3      | Found a sparkling altar of Nemelex Xobeh.
  2246 | D:3      | Found a white marble altar of Elyvilon.
  2294 | D:4      | Noticed Ijyb
  2307 | D:4      | HP: 8/44 [Ijyb/+0 club (5)]
  2310 | D:4      | Killed Ijyb
  2311 | D:4      | Reached skill level 3 in Axes
  2465 | D:4      | Reached XP level 6. HP: 32/53 MP: 6/6
  2565 | D:4      | Reached skill level 4 in Axes
  3173 | D:4      | Found an opulent altar of Gozag.
  3310 | D:4      | Found Togg's General Store.
  3623 | D:5      | Entered Level 5 of the Dungeon
  3887 | D:5      | Noticed an ice beast
  3910 | D:5      | Killed an ice beast
  3911 | D:5      | Reached skill level 5 in Axes
  3911 | D:5      | Reached XP level 7. HP: 37/59 MP: 7/7
  4161 | D:5      | Noticed Eustachio
  4182 | D:5      | Killed Eustachio
  4183 | D:5      | Reached skill level 6 in Axes
  4428 | D:5      | HP: 11/59 [ogre/+0 giant club (24)]
  4433 | D:5      | HP: 8/59 [poisoned by a scorpion]
  4647 | D:5      | Noticed Prince Ribbit
  4652 | D:5      | Killed Prince Ribbit
  4653 | D:5      | Reached skill level 7 in Axes
  4653 | D:5      | Reached XP level 8. HP: 66/66 MP: 8/8
  4932 | D:6      | Reached skill level 8 in Axes
  4948 | D:6      | Reached skill level 9 in Axes
  5153 | D:6      | Found a staircase to the Ecumenical Temple.
  5160 | Temple   | Entered the Ecumenical Temple
  5351 | Temple   | Became a worshipper of Uskayaw the Reveller
  5425 | D:6      | Reached * piety under Uskayaw
  5432 | D:6      | Reached ** piety under Uskayaw
  5463 | D:6      | Noticed Edmund
  5471 | D:6      | Reached *** piety under Uskayaw
  5472 | D:6      | Killed Edmund
  5473 | D:6      | Reached XP level 9. HP: 72/72 MP: 9/9
  5555 | D:6      | Upgraded the game from 0.30-a0-241-g1121274140 to
                  | 0.30-a0-242-g7bf8e6d787
  5755 | D:6      | You pick up a book of Displacement and begin reading...
  5755 | D:6      | You add the spells Lesser Beckoning, Gell's Gravitas and
                  | Teleport Other to your library.
  5769 | D:6      | Found an iron altar of Okawaru.
  5774 | D:6      | Found an ornate altar of the Wu Jian Council.
  5994 | D:7      | Identified a scroll of acquirement
  5994 | D:7      | Acquired a +0 battleaxe of electrocution
  6135 | D:7      | Reached **** piety under Uskayaw
  6136 | D:7      | Reached skill level 1 in Invocations
  6142 | D:7      | Reached ***** piety under Uskayaw
  6143 | D:7      | Noticed Joseph
  6147 | D:7      | Reached ****** piety under Uskayaw
  6149 | D:7      | Reached skill level 2 in Invocations
  6149 | D:7      | HP: 7/72 [Joseph/+0 quarterstaff (12)]
  6152 | D:7      | Killed Joseph
  6153 | D:7      | Reached skill level 4 in Invocations
  6310 | D:7      | Found a flagged portal.
  6377 | Bailey   | Entered a bailey
  6467 | Bailey   | Reached skill level 5 in Invocations
  6493 | Bailey   | Reached skill level 10 in Axes
  7220 | D:7      | Acquired a manual of Invocations
  7383 | D:7      | Found a hazy altar of Hepliaklqana.
  7459 | D:7      | Found a stormy altar of Qazlal.
  7480 | D:7      | You pick up a book of Lightning and begin reading...
  7480 | D:7      | You add the spells Static Discharge, Vhi's Electric Charge,
                  | Lightning Bolt and Arcjolt to your library.
  7516 | D:8      | Noticed a troll
  7522 | D:8      | Killed a troll
  7523 | D:8      | Reached skill level 3 in Fighting
  7523 | D:8      | Reached skill level 4 in Armour
  7710 | D:8      | Reached skill level 1 in Dodging
  7778 | D:8      | Reached XP level 10. HP: 73/82 MP: 14/14
  7790 | D:8      | Reached skill level 6 in Invocations
  8320 | D:8      | Reached skill level 5 in Armour
  8324 | D:8      | Reached skill level 2 in Dodging
  8332 | D:8      | Reached skill level 4 in Fighting
  8410 | D:8      | Reached skill level 7 in Invocations
  8539 | D:8      | Found a snail-covered altar of Cheibriados.
  8664 | D:8      | Noticed Pikel
  8678 | D:8      | Killed Pikel
  8835 | D:9      | Noticed a two-headed ogre
  8840 | D:9      | Killed a two-headed ogre
  8841 | D:9      | Reached skill level 6 in Armour
  8841 | D:9      | Reached skill level 3 in Dodging
  8995 | D:9      | You pick up a book of Frost and begin reading...
  8995 | D:9      | You add the spells Freeze, Frozen Ramparts and Hailstorm to
                  | your library.
  9014 | D:9      | Noticed a death yak
  9017 | D:9      | Reached skill level 8 in Invocations
  9036 | D:9      | Killed a death yak
  9037 | D:9      | Reached XP level 11. HP: 60/90 MP: 17/17
  9210 | D:9      | Noticed a death yak
  9210 | D:9      | Noticed a death yak
  9210 | D:9      | Noticed a death yak
  9211 | D:9      | Noticed a death yak
  9212 | D:9      | Noticed a death yak
  9212 | D:9      | Found a staircase to the Lair.
  9212 | D:9      | Noticed a death yak
  9212 | D:9      | Noticed a death yak
  9218 | D:9      | Killed a death yak
  9219 | D:9      | Reached skill level 5 in Fighting
  9219 | D:9      | Killed a death yak
  9219 | D:9      | Killed a death yak
  9219 | D:9      | Killed a death yak
  9219 | D:9      | Killed a death yak
  9220 | D:9      | Reached skill level 11 in Axes
  9220 | D:9      | Reached skill level 7 in Armour
  9220 | D:9      | Reached skill level 9 in Invocations
  9220 | D:9      | Killed a death yak
  9221 | D:9      | Reached skill level 4 in Dodging
  9221 | D:9      | Killed a death yak
  9326 | D:9      | Found a basalt altar of Yredelemnul.
  9792 | D:10     | Entered Level 10 of the Dungeon
 10050 | D:10     | Reached skill level 6 in Fighting
 10259 | D:10     | Noticed Urug
 10357 | Lair:1   | Entered Level 1 of the Lair of Beasts
 10403 | Lair:1   | HP: 23/95 [black mamba (2)]
 10405 | Lair:1   | HP: 7/95 [poisoned by a black mamba]
 10406 | Lair:1   | Reached skill level 8 in Armour
 10410 | Lair:1   | HP: 30/142 [poisoned by a black mamba]
 10415 | Lair:1   | HP: 26/142 [poisoned by a black mamba]
 10707 | Lair:1   | Reached skill level 10 in Invocations
 11234 | Lair:1   | Noticed Sonja
 11243 | Lair:1   | Reached XP level 12. HP: 66/103 MP: 19/19
 11250 | Lair:1   | Killed Sonja
 11423 | Lair:1   | Found a burning altar of Makhleb.
 11627 | Lair:1   | HP: 25/103 [poisoned by a black mamba]
 12727 | D:10     | Found a staircase to the Orcish Mines.
 12834 | D:10     | Reached skill level 5 in Dodging
 12834 | D:10     | Killed Urug
 12835 | D:10     | Reached skill level 9 in Armour
 12835 | D:10     | Reached skill level 11 in Invocations
 12837 | D:10     | HP: 25/103 [poisoned by Urug]
 12842 | D:10     | HP: 22/103 [poisoned by Urug]
 13197 | D:11     | Found a runed translucent door.
 13203 | D:11     | Found the +8 longbow "Zephyr" {speed, Dex+3 SInv}
 13246 | D:11     | Noticed Nergalle
 13257 | D:11     | Killed Nergalle
 13258 | D:11     | Reached skill level 7 in Fighting
 13846 | D:11     | Noticed Mulyucwo's ghost (journeyman DsFi)
 14164 | D:12     | Reached skill level 12 in Invocations
 14270 | D:12     | Reached skill level 12 in Axes
 14324 | D:12     | Noticed a boulder beetle
 14724 | D:12     | Reached skill level 13 in Invocations
 14870 | D:12     | Identified the +2 leather armour of Leaves {*Corrode rN+
                  | Str+3}
 15203 | D:12     | Killed a boulder beetle
 15593 | D:13     | Reached skill level 14 in Invocations
 15598 | D:13     | Reached XP level 13. HP: 88/112 MP: 23/23
 16213 | D:13     | Found an iron altar of Okawaru.
 16418 | D:14     | Found Piocko's Changing Room.
 16429 | D:14     | Reached skill level 13 in Axes
 16631 | D:14     | Noticed Jorgrun
 16646 | D:14     | Killed Jorgrun
 16937 | D:11     | Killed Mulyucwo's ghost
 17063 | D:14     | Reached skill level 15 in Invocations
 17311 | D:14     | You fall into a shaft and drop 1 floor!
 17311 | D:15     | Entered Level 15 of the Dungeon
 17331 | D:15     | Noticed a stone giant
 17339 | D:15     | Found a staircase to the Depths.
 17344 | D:15     | HP: 23/112 [stone giant (12)]
 17351 | D:15     | Mangled by a stone giant

Vanquished Creatures
  Jorgrun (D:14)
  The ghost of Mulyucwo the Impaler, a journeyman DsFi of Gozag (D:11)
  2 hydras
  3 boulder beetles
  2 centaur warriors
  8 death yaks (D:9)
  A two-headed ogre (D:9)
  A tengu warrior (D:15)
  Urug (D:10)
  Sonja (Lair:1)
  Nergalle (D:11)
  Pikel (D:8)
  2 deep elf pyromancers
  A necromancer (D:15)
  An ugly thing (D:13)
  5 cyclopes
  A manticore (D:12)
  A manticore (shapeshifter) (D:11)
  2 black mambas (Lair:1)
  A black mamba (shapeshifter) (D:14)
  Joseph (D:7)
  A gargoyle (D:12)
  A yaktaur (shapeshifter) (D:14)
  An unseen horror (D:12)
  2 cane toads
  3 komodo dragons
  An efreet (D:13)
  A rime drake (Lair:1)
  3 trolls
  Prince Ribbit (D:5)
  A hornet (D:11)
  2 shadows
  A basilisk (D:13)
  40 yaks
  Eustachio (D:5)
  6 vampire mosquitoes
  Edmund (D:6)
  3 steam dragons
  3 water moccasins (Lair:1)
  3 acid dragons
  8 orc warriors
  3 ice beasts
  9 wolves (Lair:1)
  5 centaurs
  3 ogres
  A phantom (D:6)
  2 kobold brigands (D:7)
  2 bullfrogs
  2 scorpions
  8 killer bees (D:10)
  6 howler monkeys
  A hound (D:6)
  A gnoll bouda (D:8)
  2 orc priests
  2 jellies
  4 iguanas
  Ijyb (D:4)
  6 orc wizards
  14 gnolls
  9 adders
  A shadow imp (D:8)
  A worm (shapeshifter) (D:14)
  6 worms
  A dart slug (D:3)
  28 orcs
  7 ball pythons
  4 endoplasms
  5 giant cockroaches
  12 goblins
  9 hobgoblins
  9 jackals
  5 quokkas
  7 bats
  3 frilled lizards
  34 kobolds
  7 rats
341 creatures vanquished.

Vanquished Creatures (others)
  An orc wizard (D:10)
  9 fungi
  10 plants
20 creatures vanquished.

Grand Total: 361 creatures vanquished

Table legend:
 A = Non-vault XP
 B = Vault XP
 C = Vault XP percentage of total XP
 D = Non-vault monster count
 E = Vault monster count
 F = Vault count percentage of total count
                 A         B        C        D         E       F
            +---------+---------+-------+---------+---------+-------
      Total |   30999 |   20053 |  39.3 |     275 |      67 |  19.6
            +---------+---------+-------+---------+---------+-------
        D:1 |      38 |       0 |   0.0 |      24 |       0 |   0.0
        D:2 |     102 |       0 |   0.0 |      25 |       0 |   0.0
        D:3 |     111 |       0 |   0.0 |      31 |       0 |   0.0
        D:4 |     286 |      36 |  11.2 |      21 |       1 |   4.5
        D:5 |     565 |     453 |  44.5 |      12 |       2 |  14.3
        D:6 |    1369 |     171 |  11.1 |      14 |       1 |   6.7
        D:7 |     464 |     456 |  49.6 |      14 |       6 |  30.0
        D:8 |    1994 |    1892 |  48.7 |      24 |       9 |  27.3
        D:9 |    1820 |    6498 |  78.1 |       9 |       8 |  47.1
       D:10 |    1613 |     787 |  32.8 |      16 |       1 |   5.9
       D:11 |    2599 |    2260 |  46.5 |      17 |       3 |  15.0
       D:12 |    8109 |       0 |   0.0 |      27 |       0 |   0.0
       D:13 |    4157 |       0 |   0.0 |      11 |       0 |   0.0
       D:14 |    2161 |    4596 |  68.0 |       4 |       5 |  55.6
       D:15 |       0 |    1370 | 100.0 |       0 |       2 | 100.0
     Lair:1 |    5193 |     785 |  13.1 |      25 |       1 |   3.8
     Lair:2 |     418 |      13 |   3.0 |       1 |       1 |  50.0
     Bailey |       0 |     736 | 100.0 |       0 |      27 | 100.0
            +---------+---------+-------+---------+---------+-------

Illustrated notes

Table legend:
 A = Kills in this place as a percentage of kills in entire the game.
 B = Kills by you in this place as a percentage of kills by you in the entire game.
 C = Kills by friends in this place as a percentage of kills by friends in the entire game.
 D = Other kills in this place as a percentage of other kills in the entire game.
 E = Experience gained in this place as a percentage of experience gained in the entire game.
 F = Experience gained in this place divided by the number of levels of this place that you have seen.
                   A       B       C       D       E      F
               +-------+-------+-------+-------+-------+----------------------
         Total | 100.0 | 100.0 |   N/A | 100.0 | 100.0 | 2686.9
       Dungeon |  83.9 |  83.8 |   N/A | 100.0 |  86.0 | 2927.1
          Lair |   8.2 |   8.2 |   N/A |   0.0 |  12.6 | 3204.5
        Bailey |   7.9 |   7.9 |   N/A |   0.0 |   1.4 | 736.0
               +-------+-------+-------+-------+-------+----------------------

Table legend: (Time is in decaauts)
 A = Elapsed time spent in this place.
 B = Non-inter-level travel time spent in this place.
 C = Inter-level travel time spent in this place.
 D = Time resting spent in this place.
 E = Time spent auto-exploring this place.
 F = Levels seen in this place.
 G = Mean time per level.
                   A        B        C        D        E       F      G
               +--------+--------+--------+--------+--------+-----+--------+
         Total |  17535 |  16720 |    815 |   3911 |   9934 |  19 |  922.9 |
       Dungeon |  14435 |  13759 |    676 |   2662 |   8851 |  15 |  962.3 |
        Temple |    234 |    196 |     38 |      0 |    181 |   1 |  234.0 |
          Lair |   2101 |   2000 |    101 |   1037 |    732 |   2 | 1050.5 |
        Bailey |    763 |    763 |      0 |    212 |    170 |   1 |  763.0 |
               +--------+--------+--------+--------+--------+-----+--------+

Top non-repeatable levels by time:
  Lair:1: 1968 daAuts
     D:8: 1379 daAuts
    D:12: 1341 daAuts
     D:5: 1275 daAuts
    D:10: 1250 daAuts
     D:3: 1103 daAuts
    D:11: 1055 daAuts
     D:4: 1053 daAuts
     D:9: 1000 daAuts
    D:13: 963 daAuts
     D:1: 943 daAuts
     D:7: 894 daAuts
    D:14: 796 daAuts
     D:6: 766 daAuts
  Bailey: 763 daAuts
